 Dungeon Crawl Stone Soup version 0.26-a0-712-ga5a9c9c9d0 (webtiles) character file.

Game seed: 6482978509200198193

7 kae the Insei (level 2, -2/16 HPs)
             Began as a Tengu Transmuter on Nov 12, 2020.
             Slain by a gnoll (8 damage)
             ... on level 1 of the Dungeon.
             The game lasted 00:00:14 (339 turns).

kae the Insei (Tengu Transmuter)                     Turns: 339, Time: 00:00:15

Health: -2/16      AC:  2    Str: 10    XL:     2   Next: 4%
Magic:  6/6        EV: 12    Int: 13    God:
Gold:   61         SH:  0    Dex: 14    Spells: 4/5 levels left

rFire    . . .     SeeInvis .     - Unarmed
rCold    . . .     Faith    .   (no shield)
rNeg     . . .     Spirit   .   a - +0 robe
rPois    .         Reflect  .   (helmet currently unavailable)
rElec    .         Harm     .   (no cloak)
rCorr    .         Rampage  .   (no gloves)
MR       .....                  (boots unavailable)
Stlth    +.........             (no amulet)
HPRegen  0.05/turn              (no ring)
MPRegen  0.10/turn              (no ring)

@: appendages (expiring)
A: beak, horns 2, talons 3
a: End Transformation


You were on level 1 of the Dungeon.
You had grown temporary horns.
You visited 1 branch of the dungeon, and saw 1 of its levels.

You collected 61 gold pieces.

Inventory:

Armour
 a - a +0 robe (worn)
Scrolls
 b - 2 scrolls of identify {unknown}
 c - a scroll of amnesia {unknown}
 d - a scroll of noise {unknown}
 e - a scroll of enchant weapon {unknown}
 g - a scroll of teleportation {unknown}
Potions
 f - a potion of degeneration {unknown}


   Skills:
 + Level 1.2 Fighting
 - Level 2.1 Dodging
 + Level 3.4 Unarmed Combat
 - Level 2.0 Spellcasting
 * Level 1.9 Transmutations


You had 4 spell levels left.
You knew the following spells:

 Your Spells              Type           Power        Failure   Level
a - Beastly Appendage     Tmut           #.....       12%         1

Your spell library contained the following spells:

 Spells                   Type           Power        Failure   Level
 Wereblood                Tmut           #.......     17%         2
 Spider Form              Tmut/Pois      #.........   45%         3
 Ice Form                 Ice/Tmut       #.......     86%         4
 Blade Hands              Tmut           #.........   97%         5


Dungeon Overview and Level Annotations

Branches:
Dungeon (1/15)

Altars:


Innate Abilities, Weirdness & Mutations

You have a beak for a mouth.
You have claws for feet.
You have a pair of horns on your head.


Message History

You are too injured to fight recklessly!
A gnoll is nearby!
You are too injured to fight recklessly!
You are too injured to fight recklessly!
A gnoll is nearby!
You hit the gnoll. Your peck misses the gnoll.
The gnoll is moderately wounded.
Your transformation is almost over.
The gnoll barely misses you.
You barely miss the gnoll. Your peck misses the gnoll.
The gnoll is moderately wounded.
The gnoll barely misses you.
You hit the gnoll but do no damage.
The gnoll is moderately wounded.
The gnoll closely misses you.
You closely miss the gnoll. Your peck misses the gnoll.
The gnoll is moderately wounded.
The gnoll hits you!
Ouch! That really hurt!
You die...

#.# .
#..##. #.#
... #..##.
#.#
....##..##.
#.########
........†#.
#........#
...........
########.#
....####.##
#.# ...
#... #.# .
###. #@# #.
#....†g$..#
#.
#.........#
#.
#.........#
#.
#.....$...#
#^
#.........#
##
#.........#
#.........#


You could see a gnoll.

Vanquished Creatures
  A leopard gecko (D:1)
  A goblin (D:1)
  A hobgoblin (D:1)
  2 bats (D:1)
  2 rats (D:1)
7 creatures vanquished.

Notes
Turn   | Place    | Note
-------+----------+-------------------------------------------
     0 | D:1      | kae the Tengu Transmuter began the quest for the Orb.
     0 | D:1      | Reached XP level 1. HP: 12/12 MP: 4/4
   304 | D:1      | Reached XP level 2. HP: 16/16 MP: 4/6
   339 | D:1      | Slain by a gnoll

Illustrated notes

Levels and vault maps discovered:
D:1:      dpeg_arrival_concentric_ovals, layout_rooms

Action                   || total
-------------------------++-------
Melee: Unarmed           ||    19
       Headbutt          ||     5
       Kick              ||     3
       Peck              ||     1
 Cast: Beastly Appendage ||     5
Armor: Robe              ||     6
Dodge: Dodged            ||    14

Table legend: (Time is in decaauts)
 A = Elapsed time spent in this place.
 B = Non-inter-level travel time spent in this place.
 C = Inter-level travel time spent in this place.
 D = Time resting spent in this place.
 E = Time spent auto-exploring this place.
 F = Levels seen in this place.
 G = Mean time per level.
                   A        B        C        D        E       F      G
               +--------+--------+--------+--------+--------+-----+--------+
         Total |    337 |    337 |      0 |      0 |    279 |   1 |  337.0 |
       Dungeon |    337 |    337 |      0 |      0 |    279 |   1 |  337.0 |
               +--------+--------+--------+--------+--------+-----+--------+

Top non-repeatable levels by time:
     D:1: 337 daAuts
